 Dungeon Crawl Stone Soup version 0.19.0-18-g426998a (webtiles) character file.

1623 sak the Grappler (level 8, -1/76 HPs)
             Began as a Troll Monk on Nov 11, 2016.
             Slain by a killer bee (2 damage)
             ... on level 7 of the Dungeon.
             The game lasted 00:19:15 (4490 turns).

sak the Grappler (Troll Monk)                       Turns: 4490, Time: 00:19:16

Health: -1/76      AC:  6    Str: 20    XL:     8   Next: 65%
Magic:  7/7        EV: 12    Int:  6    God:
Gold:   358        SH:  2    Dex: 14    Spells: 0 memorised, 7 levels left

rFire  . . .     SeeInvis .       - Unarmed
rCold  . . .     Gourm    +     u - +0 robe
rNeg   . . .     Faith    .     (no shield)
rPois  .         Spirit   .     (helmet restricted)
rElec  .         Reflect  +     f - +0 cloak
rCorr  .         Harm     .     (gloves unavailable)
MR     .....                    (boots unavailable)
Stlth  +.........               n - +2 amulet of reflection
                                (no ring)
                                k - ring of loudness (curse)

@: lethally poisoned (-1 -> -9), about to teleport
A: unfitting armour, claws 3, hooves 1, fast metabolism 3, gourmand, mutation
resistance 1, regeneration 1, shaggy fur 1, tough skin 2
a: no special abilities


You were on level 7 of the Dungeon.
You were very hungry.

You visited 1 branch of the dungeon, and saw 8 of its levels.

You collected 358 gold pieces.

Inventory:

Missiles
 c - 300 stones (quivered)
Armour
 a - a +0 robe
 f - a +0 cloak (worn)
 u - a +0 robe (worn)
Jewellery
 k - a cursed ring of loudness (left claw)
 n - a +2 amulet of reflection (around neck)
 p - an uncursed amulet of rage
 v - a +3 amulet of reflection
Wands
 l - a wand of confusion (17/48)
Scrolls
 j - a scroll of immolation
 w - a scroll of identify
Potions
 d - a potion of might
 e - 5 potions of mutation
 g - a potion of agility {unknown}
 h - 9 potions of curing
 i - 3 potions of magic {unknown}
 m - 2 potions of haste {unknown}
 q - a potion of degeneration {unknown}
 s - a potion of invisibility {unknown}
 t - a potion of heal wounds {unknown}
Comestibles
 b - 3 bread rations
 r - a fruit


   Skills:
 + Level 3.6 Fighting
 + Level 4.8 Dodging
 + Level 2.9 Stealth
 + Level 8.6 Unarmed Combat


You had 7 spell levels left.
You didn't know any spells.

Dungeon Overview and Level Annotations

Branches:
Dungeon (8/15)             Temple (0/1) D:7
   Lair: D:8-11

Altars:


Innate Abilities, Weirdness & Mutations

You are too large for most types of armour.
You have claws for hands.
Your metabolism is lightning-fast.
You like to eat raw meat.
Your natural rate of healing is unusually fast.
You are covered in fur. (AC +1)
You have very tough skin. (AC +2)
You have large cloven feet.
You are somewhat resistant to further mutation.


Message History

The killer bee closely misses you. The killer bee stings you.
* * * LOW HITPOINT WARNING * * *
The killer bee stings you but does no damage.
The killer bee closely misses you. The jackal barely misses you.
The killer bee misses you.
You barely miss the killer bee. Your kick misses the killer bee.
You feel sick. The killer bee barely misses you.
You block the killer bee's attack. The killer bee stings you!
* * * LOW HITPOINT WARNING * * *
The killer bee stings you.
* * * LOW HITPOINT WARNING * * *
You are more poisoned.
The killer bee poisons you! The killer bee barely misses you.
The killer bee stings you but does no damage.
The jackal barely misses you.
You closely miss the killer bee. Your kick misses the killer bee.
Your claw misses the killer bee.
* * * LOW HITPOINT WARNING * * *
You feel sick. The killer bee stings you.
You die...

#.###..#....#.##.# #......####.
#................# ####'####...
#..##...##..##...### #....# #.##
#..##...##.........# #.##.# #...
.#.##.#.....#......# #.##.# #.##
............#......# #.##.# #..#
#####.#.....#......###.##.####..#
..# #.#..<..#..yhy...........#..#
#.###....#..#..y@yy.##.##.##.#...
#........#..##.###..##.##.##.....
....#....#..##.###..##...........
##.......##.##.........#..##.#...
#.#........######...........#...
##.#.#...##.##......##.#[.####...
.........##....###..##.#.........
.......####.######........####...
.##...## #.###.....#####)# ####


You could see 5 killer bees and a jackal.

Vanquished Creatures
  A hippogriff (D:5)
  2 ice beasts
  A sky beast (D:5)
  3 ogres
  2 bullfrogs (D:7)
  A scorpion (D:6)
  3 crimson imps
  A bullfrog zombie (D:7)
  A quasit (D:6)
  2 hounds
  An orc priest (D:7)
  4 orc wizards
  2 iguanas
  4 worker ants
  A hound skeleton (D:7)
  A worker ant zombie (D:7)
  7 adders
  2 shadow imps
  An ooze (D:2)
  2 worms
  3 dart slugs (D:1)
  2 leopard geckos (D:1)
  11 orcs
  2 ball pythons
  9 giant cockroaches
  4 goblins
  8 hobgoblins
  12 jackals
  3 quokkas
  A ball python skeleton (D:5)
  6 bats
  6 frilled lizards
  2 jackal skeletons
  7 kobolds
  3 rats
121 creatures vanquished.

Notes
Turn   | Place    | Note
-------+----------+-------------------------------------------
     0 | D:1      | sak the Troll Monk began the quest for the Orb.
     0 | D:1      | Reached XP level 1. HP: 22/22 MP: 0/0
   208 | D:1      | Reached XP level 2. HP: 27/29 MP: 1/1
   281 | D:1      | Gained mutation: You are somewhat resistant to further mutation. [potion of mutation]
   281 | D:1      | Gained mutation: You have large cloven feet. [potion of mutation]
   568 | D:1      | Reached XP level 3. HP: 36/36 MP: 2/2
  1601 | D:2      | Reached XP level 4. HP: 44/44 MP: 3/3
  1933 | D:3      | Reached skill level 4 in Unarmed Combat
  2144 | D:4      | Noticed an ice beast
  2158 | D:4      | Killed an ice beast
  2158 | D:4      | Reached XP level 5. HP: 38/52 MP: 4/4
  2183 | D:4      | Noticed an ogre
  2188 | D:4      | Killed an ogre
  2188 | D:4      | Reached skill level 5 in Unarmed Combat
  2188 | D:4      | Reached XP level 6. HP: 39/61 MP: 5/5
  2798 | D:5      | Entered Level 5 of the Dungeon
  2955 | D:5      | Noticed a sky beast
  2968 | D:5      | Killed a sky beast
  2968 | D:5      | Reached skill level 6 in Unarmed Combat
  2968 | D:5      | Reached XP level 7. HP: 55/67 MP: 6/6
  2985 | D:5      | Noticed a hippogriff
  2998 | D:5      | Killed a hippogriff
  3284 | D:6      | Reached skill level 7 in Unarmed Combat
  3333 | D:6      | Reached XP level 8. HP: 59/75 MP: 7/7
  3957 | D:7      | Reached skill level 8 in Unarmed Combat
  4096 | D:7      | Found a staircase to the Ecumenical Temple.
  4489 | D:7      | HP: 3/76 [killer bee (2)]
  4490 | D:7      | HP: 1/76 [poisoned by a killer bee]
  4490 | D:7      | Slain by a killer bee

Skill      XL: |  1  2  3  4  5  6  7  8 |
---------------+-------------------------+-----
Dodging        | 3 4 |  4.8
Unarmed Combat | 4 5 6 7 8 |  8.6
Fighting       | 3 |  3.6
Stealth        | 2 |  2.9

Action                   |  1- 3 |  4- 6 |  7- 9 || total
-------------------------+-------+-------+-------++-------
Melee: Unarmed           |   111 |   112 |   147 ||   370
       Kick              |     7 |    38 |    38 ||    83
       Punch             |       |     1 |     7 ||     8
  Use: Scroll            |     5 |     3 |     5 ||    13
       Potion            |     1 |       |       ||     1
 Stab: Sleeping          |     6 |     2 |     5 ||    13
       Distracted        |     1 |       |       ||     1
  Eat: Pizza             |     1 |       |       ||     1
       Bread ration      |     1 |     3 |       ||     4
       Meat ration       |     1 |       |     2 ||     3
       Beef jerky        |       |       |     1 ||     1
       Fruit             |       |       |     2 ||     2
Armor: Robe              |    34 |    50 |    52 ||   136
Dodge: Dodged            |    47 |    78 |    93 ||   218
Block: Other             |       |     3 |    15 ||    18
